Map: Frozen Temple

Players

DIMAGA

  • Race: Zerg Zerg
  • League: Grandmaster

SortOf - Winner!

  • Race: Zerg Zerg
  • League: Grandmaster

VOD

Have the link to the VOD?

Description

Time

  • Played on: Oct. 30, 2016, 9:55 a.m.
  • Length: 8:19
Show
View Real Time Build Order
Export as new Build Order

DIMAGA Zerg 

Build Orders: Pool First 

Get SALT Encoding   

  12  0:00  Drone  
  13  0:12  Overlord  
  13  0:17  Drone  
  14  0:31  Drone x2  
  14  0:34  Drone  
  17  0:45  Extractor, Drone  
  17  0:49  Spawning Pool  
  16  0:56  Drone  
  17  1:14  Unknown, Hatchery  
  16  1:36  Queen, Zergling x6  
  21  1:45  Metabolic Boost  
  21  1:52  Overlord  
  21  2:02  Zergling x2  
  22  2:12  Queen  
  22  2:13  Zergling x2  
  25  2:24  Zergling x2  
  25  2:25  Unknown  
  25  2:29  Zergling x2  
  27  2:30  Zergling x2  
  28  2:38  Zergling x2  
  28  2:43  Zergling x2  
  30  2:46  Zergling x2  
  30  2:47  Zergling x4  
  33  2:51  Zergling x2  
  33  3:04  Overlord  
  33  3:05  Zergling x4  
  33  3:13  Zergling x2  
  34  3:28  Roach Warren  
  34  3:29  Drone  
  34  3:30  Drone x6  
  40  3:40  Overlord  
  38  3:47  Drone  
  34  3:56  Evolution Chamber  
  27  4:04  Queen  
  27  4:06  Spine Crawler  
  27  4:09  Roach  
  30  4:18  Roach x2  
  34  4:25  Roach x2  
  34  4:28  Roach  
  39  4:35  Drone x2  
  42  4:48  Zergling x12  
  48  4:57  Zergling x8  
  52  5:02  Overlord  
  52  5:22  Zerg Missile Weapons Level 1  
  52  5:24  Zergling x14  
  59  5:32  Drone  
  58  5:37  Ravager  
  54  5:47  Roach, Drone x7  
  59  5:54  Extractor  
  59  5:56  Extractor  
  57  6:01  Ravager  
  57  6:03  Overlord  
  57  6:04  Overlord  
  53  6:17  Lair  
  53  6:18  Overlord  
  51  6:27  Drone x3  
  51  6:28  Drone x5  
  59  6:39  Ravager  
  53  7:08  Drone x6  
  57  7:09  Roach  
  57  7:10  Roach x4  
  67  7:23  Unknown, Hatchery  
  67  7:28  Overlord  
  61  7:49  Roach x4  
  67  7:53  Roach  
  63  7:58  Roach Warren  
  63  7:59  Zergling x6  
Show
View Real Time Build Order
Export as new Build Order

SortOf Zerg - Winner!

Build Orders: Pool First 

Get SALT Encoding   

  12  0:00  Drone  
  13  0:12  Overlord  
  13  0:17  Drone  
  14  0:31  Drone x2  
  16  0:37  Drone  
  17  0:45  Drone  
  17  0:46  Extractor  
  17  0:50  Spawning Pool  
  17  0:56  Drone  
  17  1:16  Unknown, Hatchery  
  16  1:37  Queen, Zergling x6  
  21  1:46  Metabolic Boost  
  21  1:52  Overlord  
  22  2:01  Zergling x2  
  22  2:13  Queen, Zergling x2  
  25  2:25  Zergling x2  
  25  2:27  Unknown  
  25  2:28  Zergling x2  
  27  2:39  Zergling x4  
  29  2:46  Zergling x8  
  33  2:56  Zergling x4  
  35  3:05  Zergling x2  
  34  3:09  Queen  
  34  3:10  Overlord  
  35  3:14  Drone  
  36  3:20  Overlord  
  36  3:27  Overlord  
  35  3:29  Drone x3  
  35  3:32  Zergling x2  
  39  3:35  Drone  
  39  3:40  Zergling x2  
  39  3:41  Zergling x2  
  39  3:47  Zergling x2  
  37  3:54  Zergling x6  
  38  3:57  Zergling x2  
  38  4:00  Drone  
  38  4:05  Drone  
  38  4:06  Drone  
  40  4:11  Drone x2  
  40  4:14  Drone  
  43  4:18  Drone  
  43  4:21  Drone  
  44  4:27  Drone  
  43  4:32  Drone x2  
  43  4:33  Drone  
  43  4:34  Evolution Chamber  
  43  4:37  Drone x2  
  47  4:39  Drone  
  47  4:43  Drone  
  49  4:48  Drone x2  
  51  4:53  Roach Warren  
  50  5:00  Zergling x4  
  50  5:03  Zergling x2  
  50  5:04  Zergling x2  
  50  5:05  Spine Crawler  
  53  5:08  Zerg Ground Armor Level 1  
  53  5:09  Zergling x2  
  53  5:13  Zergling x4  
  56  5:14  Zergling x2  
  56  5:17  Extractor  
  56  5:18  Zergling x2  
  56  5:19  Zergling x2  
  58  5:24  Zergling x2  
  59  5:33  Roach  
  59  5:34  Roach  
  60  5:35  Roach  
  60  5:37  Roach x3  
  56  5:47  Roach, Zergling x4  
  56  5:49  Zergling x2  
  60  5:56  Overlord  
  60  6:07  Overlord  
  60  6:12  Overlord  
  60  6:17  Overlord x2  
  62  6:21  Zergling x6  
  62  6:25  Zergling x4  
  65  6:28  Unknown, Hatchery  
  64  6:38  Zergling x4  
  64  6:39  Zergling x6  
  69  6:44  Ravager x4  
  72  6:48  Zergling x2  
  72  6:51  Zergling x8  
  76  7:00  Zergling x4  
  74  7:04  Ravager  
  74  7:05  Queen  
  74  7:06  Queen  
  74  7:07  Zergling x6  
  82  7:12  Zergling x2  
  82  7:13  Ravager  
  84  7:18  Zergling x4  
  86  7:25  Zergling x8  
  88  7:39  Unknown  
  88  7:42  Zergling x10  
  89  7:49  Zergling x8  
  88  7:52  Zergling x4  
Tags
 
Add a new tag
Caveats
  • Supply blocks, unpowered buildings, or Contaminate may cause inaccurate times.
  • Supply counts are checked every 10 seconds.